Map: Fields of Death

Players

Blubbel

  • Race: Terran Terran
  • League: Silver

zod

  • Race: Protoss Protoss
  • League: Silver

Swabe - Winner!

  • Race: Zerg Zerg
  • League: Bronze

Snachy - Winner!

  • Race: Terran Terran

VOD

Have the link to the VOD?

Description

Time

  • Played on: Dec. 30, 2015, 11:34 a.m.
  • Length: 3:54
Show
View Real Time Build Order
Export as new Build Order

Blubbel Terran 

Build Orders: Reaper Expand 

Get SALT Encoding   

  12  0:02  SCV  
  13  0:14  SCV  
  14  0:25  Supply Depot  
  14  0:27  SCV  
  15  0:33  Refinery  
  15  0:46  SCV  
  15  0:49  Barracks  
  16  0:58  SCV  
  17  1:10  SCV  
  18  1:23  SCV  
  19  1:36  Supply Depot  
  19  1:41  Barracks Reactor  
  19  2:03  Command Center  
  19  2:10  Factory  
  19  2:17  Reaper  
  20  2:24  Refinery  
  21  2:30  Reaper  
  21  2:35  SCV  
  22  2:47  SCV  
  23  2:59  SCV  
  24  3:10  Widow Mine  
  26  3:14  Starport  
  26  3:17  Marine x2  
  26  3:19  SCV  
  29  3:23  SCV  
  30  3:35  SCV  
Show
View Real Time Build Order
Export as new Build Order

zod Protoss 

Build Orders:  

Get SALT Encoding   

  12  0:01  Probe (Chrono Boost)  
  13  0:12  Probe (Chrono Boost)  
  14  0:20  Pylon  
  14  0:27  Probe (Chrono Boost)  
  15  0:38  Probe (Chrono Boost)  
  15  0:40  Gateway  
  16  0:48  Assimilator  
  16  0:49  Probe (Chrono Boost)  
  17  1:00  Pylon  
  17  1:13  Gateway  
  17  1:23  Probe (Chrono Boost)  
  18  1:30  Cybernetics Core  
  18  1:37  Pylon  
  18  1:53  Probe (Chrono Boost)  
  19  2:03  Probe (Chrono Boost)  
  19  2:04  Nexus  
  20  2:12  Pylon  
  20  2:18  Mothership Core (Chrono Boost)  
  22  2:27  Adept  
  24  2:38  Assimilator  
  24  2:50  Adept  
  26  2:58  Adept  
  28  3:03  Assimilator  
  28  3:04  Probe (Chrono Boost)  
  29  3:16  Probe (Chrono Boost)  
  29  3:17  Adept  
  29  3:18  Forge  
  29  3:19  Probe (Chrono Boost)  
Show
View Real Time Build Order
Export as new Build Order

Swabe Zerg - Winner!

Build Orders: Pool First 

Get SALT Encoding   

  12  0:02  Drone  
  13  0:12  Overlord  
  13  0:16  Drone  
  14  0:34  Spawning Pool  
  13  0:40  Drone  
  13  0:41  Drone  
  15  0:45  Drone  
  16  0:50  Drone  
  17  1:05  Drone  
  17  1:06  Extractor  
  17  1:12  Overlord  
  17  1:22  Queen  
  19  1:27  Zergling x2  
  20  1:34  Zergling x2  
  21  1:45  Zergling x2  
  22  1:56  Zergling x2  
  22  1:59  Hatchery  
  22  2:16  Metabolic Boost  
  22  2:17  Overlord  
  22  2:18  Zergling x2  
  23  2:33  Zergling x6  
  23  2:34  Zergling x2  
  27  2:46  Zergling x2  
  28  2:54  Overlord  
  28  3:03  Zergling x2  
  28  3:04  Zergling x4  
  31  3:10  Zergling x2  
  32  3:20  Zergling x4  
  32  3:25  Zergling x2  
  34  3:31  Zergling x2  
Show
View Real Time Build Order
Export as new Build Order

Snachy Terran - Winner!

Build Orders:  

Get SALT Encoding   

  12  0:05  SCV  
  13  0:13  Supply Depot  
  13  0:18  SCV  
  14  0:30  SCV  
  15  0:36  Barracks  
  15  0:42  SCV  
  16  0:54  Barracks  
  16  0:55  SCV  
  17  1:05  Supply Depot  
  17  1:08  SCV  
  18  1:20  SCV  
  18  1:25  Supply Depot, Marine  
  19  1:32  SCV  
  21  1:42  Marine  
  21  1:43  Marine  
  23  1:47  Barracks  
  23  1:50  SCV  
  24  2:00  Marine  
  25  2:01  Marine  
  25  2:06  SCV  
  27  2:11  Supply Depot  
  27  2:18  SCV, Marine  
  27  2:19  Marine  
  30  2:27  Supply Depot  
  30  2:35  Marine  
  30  2:36  Marine  
  30  2:37  Marine  
  33  2:53  Marine  
  33  2:54  Marine x2  
  33  2:56  Supply Depot, SCV  
  37  3:08  SCV  
  37  3:11  Marine x2  
  37  3:12  Marine  
  41  3:20  SCV  
  42  3:29  Marine x2  
  42  3:30  Marine  
  42  3:32  SCV  
Tags
 
Add a new tag
Caveats
  • Supply blocks, unpowered buildings, or Contaminate may cause inaccurate times.
  • Supply counts are checked every 10 seconds.